 Dungeon Crawl Stone Soup version 0.26.0-41-g79a4fc7684 (webtiles) character file.

Game seed: 12672720038550518899

1284 kaeus the Covert (level 8, -2/39 HPs)
             Began as a Spriggan Enchanter on Jan 26, 2021.
             Was an Initiate of Gozag.
             Slain by a killer bee (6 damage)
             ... on level 4 of the Dungeon.
             The game lasted 00:24:13 (8951 turns).

kaeus the Covert (Spriggan Enchanter)               Turns: 8951, Time: 00:24:14

Health: -2/39      AC:  5    Str:  6    XL:     8   Next: 29%
Magic:  12/15      EV: 22    Int: 16    God:    Gozag
Gold:   404        SH:  5    Dex: 17    Spells: 9/15 levels left

rFire    . . .     SeeInvis +   e - +1 dagger (speed)
rCold    . . .     Faith    .   (shield restricted)
rNeg     . . .     Spirit   .   b - +0 robe
rPois    +         Reflect  +   (helmet restricted)
rElec    .         Harm     .   o - +2 cloak {rPois}
rCorr    .         Rampage  .   (gloves unavailable)
Will     +....                  (boots unavailable)
Stlth    ++++++....             p - amulet of reflection
HPRegen  0.13/turn              h - ring of stealth
MPRegen  0.14/turn              v - ring of stealth

@: lethally poisoned (-2 -> -10), hasted, very quick
A: very small, unfitting armour, see invisible, speed 3
a: Renounce Religion, Potion Petition, Call Merchant, Bribe Branch


You were on level 4 of the Dungeon.
You worshipped Gozag.
Gozag was aware of your devotion.
You visited 2 branches of the dungeon, and saw 6 of its levels.

You collected 438 gold pieces.
You paid 34 gold pieces to Gozag.

Inventory:

Hand Weapons
 e - a +1 dagger of speed (weapon)
Armour
 b - a +0 robe (worn)
 o - a +2 cloak of poison resistance (worn)
Jewellery
 h - a ring of stealth (left hand)
 p - an amulet of reflection (around neck)
 v - a ring of stealth (right hand)
Wands
 j - a wand of digging (5)
Scrolls
 c - 3 scrolls of identify
 d - 3 scrolls of teleportation {unknown}
 g - 2 scrolls of remove curse
 i - a scroll of immolation {unknown}
 k - a scroll of blinking {unknown}
 l - 2 scrolls of amnesia {unknown}
 m - a scroll of fear {unknown}
 s - a scroll of enchant weapon {unknown}
 t - 2 scrolls of fog {unknown}
Potions
 a - 3 potions of heal wounds {unknown}
 f - 3 potions of haste
 n - a potion of brilliance {unknown}
 q - 2 potions of attraction {unknown}
 r - a potion of lignification {unknown}
 w - 2 potions of degeneration {unknown}
 x - a potion of mutation {unknown}


   Skills:
 + Level 2.8 Fighting
 + Level 4.5 Short Blades
 + Level 6.5 Dodging
 * Level 9.8 Stealth
 - Level 4.0 Spellcasting
 - Level 4.0 Hexes
 + Level 2.7 Ice Magic


You had 9 spell levels left.
You knew the following spells:

 Your Spells              Type           Power        Failure   Level
a - Corona                Hex            17%          3%          1
b - Ensorcelled Hibernat  Hex/Ice        28%          6%          2
c - Confusing Touch       Hex            16%          10%         3

Your spell library contained the following spells:

 Spells                   Type           Power        Failure   Level
 Tukima's Dance           Hex            16%          10%         3
 Dazzling Flash           Conj/Hex       18%          22%         3


Dungeon Overview and Level Annotations

Branches:
Dungeon (5/15)             Temple (1/1) D:4

Altars:
Ashenzari
Cheibriados
Dithmenos
Fedhas
Gozag
Hepliaklqana
Kikubaaqudgha
Makhleb
Okawaru
Qazlal
Ru
Trog
Uskayaw
Vehumet
Wu Jian
Xom
Yredelemnul
Zin
The Shining One


Innate Abilities, Weirdness & Mutations

You are very small and have problems with some larger weapons.
You are too small for most types of armour.
You have supernaturally acute eyesight. (SInv)
You cover ground extremely quickly.


Message History

You barely miss the killer bee.
You feel sick. The killer bee completely misses you.
Items here: )) [[.
You hit the killer bee.
The killer bee is lightly wounded.
You block the killer bee's attack. The killer bee stings you!
You are more poisoned.
The killer bee poisons you!
You take 10 damage, and have 14/39 hp.
MASSIVE DAMAGE!!
You hit the killer bee.
The killer bee is lightly wounded.
You feel sick. The killer bee stings you!
* * * LOW HITPOINT WARNING * * *
You take 9 damage, and have 5/39 hp.
MASSIVE DAMAGE!!
The killer bee misses you.
It was a potion of haste.
You feel yourself speed up.
* * * LOW HITPOINT WARNING * * *
You feel sick. The killer bee stings you.
You die...
Your body crumbles into a pile of gold.

)..##..#.###.# #.##.##.........
.............# #.##.###.####...
######.#.#.### #........# ##.#
######.#....# ###...#### #.#
.......###.## #.#.# #.# ########
#.# #...# ##'# # #####.#####
#.### ##... ## #.........#####.##
##.... .## #..##.###.y@yy[..##
##.....
..####...#.###.#####...####).....
..'.......................'......
..####.....###.###.....####......
.## #...### #.###.##.## ##.....
## #.#)# #........# ##.... #
#.#.#####.###.#### ##...
#.........# #.# ##'# ###.#######
#.# #.#


You could see 3 killer bees.

Vanquished Creatures
  2 sky beasts
  An ice beast (D:5)
  A phantom (D:4)
  An ogre (D:4)
  2 scorpions
  2 killer bees (D:4)
  A howler monkey (D:4)
  4 orc priests (D:4)
  2 jellies
  Crazy Yiuf (D:2)
  A gnoll shaman (D:4)
  2 orc wizards (D:4)
  Jessica (D:2)
  Terence (D:2)
  A worker ant (D:4)
  4 gnolls
  8 adders
  An ufetubus (D:5)
  An adder skeleton (D:5)
  4 worms
  3 dart slugs
  5 leopard geckos
  8 orcs
  12 bats
  4 giant cockroaches
  11 goblins
  9 hobgoblins
  10 jackals
  A quokka (D:2)
  2 ball pythons
  A ball python zombie (D:5)
  6 frilled lizards
  7 kobolds
  A quokka zombie (D:5)
  4 rats
125 creatures vanquished.

Vanquished Creatures (others)
  3 plants (D:2)
3 creatures vanquished.

Grand Total: 128 creatures vanquished

Notes
Turn   | Place    | Note
-------+----------+-------------------------------------------
     0 | D:1      | kaeus the Spriggan Enchanter began the quest for the Orb.
     0 | D:1      | Reached XP level 1. HP: 9/9 MP: 5/5
   765 | D:1      | Reached XP level 2. HP: 7/13 MP: 6/6
  1196 | D:1      | Learned a level 2 spell: Ensorcelled Hibernation
  1618 | D:1      | Reached skill level 5 in Stealth
  1618 | D:1      | Reached XP level 3. HP: 16/16 MP: 8/8
  2174 | D:2      | Noticed Terence
  2554 | D:2      | Learned a level 3 spell: Confusing Touch
  2693 | D:2      | Killed Terence
  2694 | D:2      | Reached XP level 4. HP: 21/21 MP: 6/9
  2920 | D:2      | Found a runed translucent door.
  2921 | D:2      | Noticed Crazy Yiuf
  3267 | D:2      | Found a faded altar of an unknown god.
  3405 | D:2      | Reached skill level 6 in Stealth
  3471 | D:2      | Noticed Jessica
  3476 | D:2      | Killed Jessica
  3477 | D:2      | Reached XP level 5. HP: 25/25 MP: 11/11
  3860 | D:2      | Killed Crazy Yiuf
  3922 | D:3      | Reached skill level 1 in Fighting
  4717 | D:3      | Reached skill level 1 in Ice Magic
  4717 | D:3      | Reached XP level 6. HP: 13/30 MP: 6/12
  4930 | D:3      | Found an opulent altar of Gozag.
  4930 | D:3      | Found a burning altar of Makhleb.
  4930 | D:3      | Found a stormy altar of Qazlal.
  4943 | D:3      | Became a worshipper of Gozag Ym Sagoz the Greedy
  5322 | D:4      | Reached skill level 7 in Stealth
  5564 | D:4      | Reached skill level 5 in Dodging
  5689 | D:4      | Found a staircase to the Ecumenical Temple.
  5718 | Temple   | Entered the Ecumenical Temple
  5889 | D:4      | Noticed a sky beast
  5894 | D:4      | Killed a sky beast
  5895 | D:4      | Reached XP level 7. HP: 34/34 MP: 11/14
  6021 | D:4      | Reached skill level 8 in Stealth
  6268 | D:5      | Entered Level 5 of the Dungeon
  6790 | D:5      | Reached skill level 9 in Stealth
  7751 | D:4      | Reached XP level 8. HP: 38/39 MP: 4/15
  8951 | D:4      | Slain by a killer bee

Illustrated notes

Levels and vault maps discovered:
D:1:      dpeg_arrival_rhombi, layout_loops_ring
D:2:      layout_loops_corners, chequers_ecumenical_altar_lobes,
          uniq_crazy_yiuf_cottage, uniq_jessica, uniq_terence
D:3:      layout_loops_cross, gammafunk_temple_overflow_claw
D:4:      layout_loops_corners, minmay_temple_entry_statues_fountains
D:5:      layout_cave_pools
Temple:   regret_index_temple_sphere_string

Skill      XL: |  1  2  3  4  5  6  7 |
---------------+----------------------+-----
Spellcasting   | 3 4 |  4.0
Stealth        | 5 6 7 9 |  9.8
Hexes          | 4 |  4.0
Short Blades   | 2 3 4 |  4.5
Dodging        | 4 5 6 |  6.5
Fighting       | 1 2 |  2.8
Ice Magic      | 1 2 |  2.7

Action                   |  1- 3 |  4- 6 |  7- 9 || total
-------------------------+-------+-------+-------++-------
Melee: Dagger            |   166 |   181 |   345 ||   692
 Cast: Corona            |     3 |       |       ||     3
       Ensorcelled Hiber |     1 |    44 |    34 ||    79
       Confusing Touch   |       |       |     4 ||     4
  Use: Scroll            |       |       |     2 ||     2
       Potion            |       |       |     1 ||     1
 Stab: Sleeping          |    11 |    47 |    14 ||    72
       Distracted        |     1 |       |     2 ||     3
       Confused          |       |       |     1 ||     1
Armor: Robe              |    19 |     9 |    22 ||    50
Dodge: Dodged            |   122 |    73 |   193 ||   388
Block: Other             |       |    12 |    47 ||    59
       Reflection        |       |       |     3 ||     3
